AoeStats
← MrPulverizator

MegaRandom

506696498Analyzed
3v3 RM · 19d ago on Sep 14, 2026· 46m 43s· 6 players
Game mode
Random Map
Map size
Normal (6 player)
Population
200
Speed
Normal
Resources
Standard
Victory
Conquest
Starting age
Dark Age
Ending age
Imperial Age
RankedLock teamsTeams togetherTeam positionsShared explorationLock speedFull tech treeHidden civsTurbo modeCheats
Victory
Defeat
🇵🇪 Portuguese · Peru
1075
+12
🇪🇸 Mongols · Spain
1027
+14
🇪🇨 Armenians · Ecuador
922
+19
🇷🇴 Romans · Romania
1058
-18
🇷🇴 Inca · Romania
1015
-16
🇷🇴 Persians · Romania
895
-11
pelicanul
5:43 Loom
13:43 Feudal Age
13:44 Man-at-Arms
14:33 Horse Collar
15:17 Scale Mail Armor
16:27 Double-Bit Axe
21:54 Castle Age
20:40 Forging
22:01 Long Swordsman
24:52 Squires
25:52 Wheelbarrow
25:38 Heavy Plow
26:47 Gold Mining
27:13 Bow Saw
27:38 Ballistics
32:56 Hand Cart
37:26 Imperial Age
36:33 Light Cavalry
37:25 Bloodlines
37:16 Husbandry
Takumi
14:41 Feudal Age
14:49 Champi Runner
16:41 Wheelbarrow
17:17 Gold Mining
17:15 Double-Bit Axe
17:12 Horse Collar
20:57 Scale Mail Armor
21:07 Forging
26:52 Castle Age
26:08 Stone Mining
28:12 Hand Cart
28:27 Chain Mail Armor
28:49 Iron Casting
27:42 Champi Warrior
28:24 Squires
32:55 Bow Saw
32:48 Heavy Plow
33:54 Town Watch
44:08 Imperial Age
44:47 Pikeman
MrPulverizator
14:07 Feudal Age
14:21 Horse Collar
14:29 Double-Bit Axe
20:52 Castle Age
21:16 Scale Barding Armor
26:30 Gold Mining
26:32 Stone Mining
26:50 Town Watch
27:40 Wheelbarrow
28:24 Town Patrol
30:00 Chain Barding Armor
31:12 Stone Shaft Mining
31:15 Gold Shaft Mining
32:35 Bow Saw
32:28 Heavy Plow
43:51 Imperial Age
Cavalier
5:34 Loom
10:14 Feudal Age
10:33 Feudal Age
11:25 Double-Bit Axe
11:21 Horse Collar
15:41 Town Watch
19:33 Castle Age
17:58 Stone Mining
18:44 Fletching
20:25 Wheelbarrow
19:52 Gold Mining
20:44 Bow Saw
20:37 Heavy Plow
22:54 Bodkin Arrow
24:42 Husbandry
26:46 Ballistics
27:19 Forging
28:03 Bloodlines
28:34 Gold Shaft Mining
29:49 Stone Shaft Mining
34:08 Imperial Age
33:04 Padded Archer Armor
33:09 Scale Barding Armor
33:40 Iron Casting
35:14 Conscription
34:58 Bracer
36:03 Chemistry
37:25 Elite Mangudai
39:33 Leather Archer Armor
39:39 Chain Barding Armor
39:54 Iron Casting
Crissss
12:28 Feudal Age
10:46 Loom
12:33 Feudal Age
13:53 Double-Bit Axe
20:23 Castle Age
18:54 Gold Mining
18:56 Stone Mining
28:10 Imperial Age
28:44 Stone Shaft Mining
30:03 Chemistry
36:58 Conscription
37:41 Elite Organ Gun
38:44 Town Watch
42:31 Siege Engineers
42:49 Arquebus
Khalid
1:03 Loom
13:35 Feudal Age
20:28 Man-at-Arms
37:32 Castle Age
37:18 Double-Bit Axe
37:25 Gold Mining
39:38 Wheelbarrow
39:14 Fletching
39:25 Padded Archer Armor
40:13 Bodkin Arrow
41:47 Leather Archer Armor
46:41 Hand Cart
Connection lost

Rejoining the realm…

Still unreachable

The connection could not be restored.

Session expired

The server has moved on; the page needs a fresh start.